Map: 2000 Atmospheres LE

Players

SKillous - Winner!

  • Race: Protoss Protoss

PtitDrogo

  • Race: Protoss Protoss

Event: DreamHack SC2 Masters 2021 Winter

VOD

Have the link to the VOD?

Description

Time

  • Played on: Oct. 9, 2021, 10:33 a.m.
  • Length: 8:57

All games in this series

Show
View Real Time Build Order
Export as new Build Order

SKillous Protoss - Winner!

Build Orders:  

Get SALT Encoding   

  12  0:00  Probe  
  13  0:12  Probe  
  14  0:18  Pylon  
  14  0:24  Probe (Chrono Boost)  
  15  0:37  Gateway, Probe (Chrono Boost)  
  16  0:45  Probe (Chrono Boost)  
  16  0:46  Assimilator  
  17  0:51  Probe  
  17  0:55  Assimilator  
  18  1:03  Probe (Chrono Boost)  
  19  1:08  Gateway  
  19  1:13  Probe (Chrono Boost)  
  19  1:18  Probe  
  20  1:25  Cybernetics Core  
  21  1:30  Probe  
  22  1:34  Pylon  
  22  1:42  Probe  
  23  1:54  Probe  
  23  2:00  Warp Gate (Chrono Boost)  
  24  2:02  Stalker x2  
  28  2:12  Pylon  
  28  2:32  Stalker x2  
  32  2:41  Robotics Facility  
  32  2:45  Gateway  
  31  3:02  Stalker x2  
  35  3:25  Warp Prism (Chrono Boost)  
  35  3:26  Pylon  
  37  3:54  Stalker x3  
  43  4:10  Probe  
  43  4:15  Shield Battery  
  41  4:23  Stalker x2, Sentry  
  45  4:33  Probe  
  45  4:36  Pylon  
  46  4:39  Observer  
  45  4:53  Probe (Chrono Boost)  
  45  4:56  Sentry x2  
  45  4:58  Stalker  
  52  5:06  Probe (Chrono Boost)  
  53  5:11  Probe (Chrono Boost)  
  54  5:19  Twilight Council  
  54  5:20  Probe  
  54  5:43  Nexus  
  54  5:46  Probe  
  55  5:53  Blink (Chrono Boost)  
  55  6:10  Pylon  
  55  6:17  Shield Battery  
  55  6:19  Shield Battery  
  55  6:28  Immortal (Chrono Boost)  
  59  6:47  Adept x2  
  53  7:01  Probe x2  
  55  7:10  Stalker x2  
  58  7:19  Probe x2  
  59  7:26  Stalker  
  61  7:31  Probe  
  60  7:40  Pylon  
  58  7:46  Probe  
  58  7:49  Probe  
  60  7:53  Observer  
  60  7:59  Probe  
  61  8:08  Stalker x3  
  61  8:10  Observer  
  61  8:12  Probe  
  69  8:13  Probe  
  69  8:19  Pylon  
  70  8:36  Stalker x2  
  70  8:37  Stalker  
  76  8:44  Probe, Pylon  
Show
View Real Time Build Order
Export as new Build Order

PtitDrogo Protoss 

Build Orders: Oracle Opening 

Get SALT Encoding   

  12  0:00  Probe  
  13  0:12  Probe  
  14  0:17  Pylon  
  14  0:24  Probe (Chrono Boost)  
  15  0:36  Gateway, Probe (Chrono Boost)  
  16  0:44  Probe (Chrono Boost)  
  16  0:46  Assimilator  
  17  0:51  Probe  
  17  0:54  Assimilator  
  18  1:03  Probe (Chrono Boost)  
  19  1:08  Gateway  
  20  1:12  Probe (Chrono Boost)  
  20  1:17  Probe (Chrono Boost)  
  20  1:24  Cybernetics Core  
  21  1:30  Probe  
  22  1:45  Probe, Pylon  
  23  1:47  Pylon  
  23  2:03  Stalker x2  
  23  2:06  Warp Gate  
  27  2:13  Probe  
  28  2:26  Stargate  
  28  2:32  Pylon  
  28  2:40  Probe  
  29  2:57  Nexus  
  28  3:07  Oracle (Chrono Boost)  
  31  3:13  Shield Battery  
  31  3:14  Probe  
  32  3:20  Pylon  
  32  3:27  Probe  
  33  3:36  Oracle (Chrono Boost)  
  33  3:40  Probe  
  37  3:53  Stalker x2  
  41  4:03  Shield Battery  
  41  4:13  Shield Battery  
  41  4:15  Pylon  
  41  4:24  Twilight Council  
  41  4:32  Stalker  
  41  4:35  Stalker  
  45  4:57  Stalker, Blink (Chrono Boost)  
  47  5:06  Stalker  
  47  5:11  Gateway  
  47  5:18  Gateway  
  47  5:27  Pylon  
  46  5:50  Stalker  
  46  5:52  Pylon  
  48  6:08  Stalker  
  50  6:13  Stalker x2  
  54  6:25  Nexus, Probe  
  55  6:36  Stalker x2  
  59  6:45  Probe  
  59  6:46  Pylon  
  60  7:01  Stalker  
  50  7:04  Stalker  
  52  7:10  Probe  
  53  7:22  Probe  
  51  7:27  Phoenix  
  53  7:34  Probe (Chrono Boost)  
  52  7:39  Probe (Chrono Boost)  
  47  7:46  Probe (Chrono Boost)  
  47  7:48  Probe (Chrono Boost)  
  45  7:51  Probe (Chrono Boost)  
  45  7:53  Probe (Chrono Boost)  
  47  7:59  Stalker  
  47  8:00  Probe  
  49  8:08  Probe  
  50  8:13  Probe  
  50  8:14  Stalker  
  53  8:20  Probe  
  53  8:22  Stalker  
  56  8:31  Pylon  
  56  8:32  Assimilator  
  56  8:38  Stalker  
  56  8:40  Stalker  

Tags
 
Add a new tag
Caveats
  • Supply blocks, unpowered buildings, or Contaminate may cause inaccurate times.
  • Supply counts are checked every 10 seconds.